 Dungeon Crawl Stone Soup version 0.31.0-4-g52a2dc7128 (webtiles) character file.

Game seed: 3458799718749420834

232 case the Poker (level 5, -11/45 HPs)
             Began as a Draconian Chaos Knight on Jan 22, 2024.
             Was a Plaything of Xom.
             Mangled by an ogre
             ... wielding a +0 giant club
              (23 damage)
             ... on level 4 of the Dungeon.
             The game lasted 00:04:26 (2053 turns).

case the Poker (Draconian Chaos Knight)             Turns: 2053, Time: 00:04:28

Health: -11/45     AC:  6    Str: 20    XL:     5   Next: 73%
Magic:  5/5        EV: 12    Int: 16    God:    Xom [*.....]
Gold:   110        SH:  0    Dex: 12    Spells: 3/4 levels left

rFire   . . .        a - +0 spear (chaos)
rCold   + . .        (no shield)
rNeg    . . .        (body armour unavailable)
rPois   .            (helmet restricted)
rElec   .            (no cloak)
rCorr   .            (no gloves)
SInv    .            h - +0 pair of boots
Will    +....        f - amulet of reflection
Stlth   +            l - ring of Xom's Recklessness {rC+ Will+ Str+6 Int+3}
HPRegen 0.27/turn    (no ring)
MPRegen 0.09/turn

%: random rage (3%), reflection
@: confused
A: AC +5, unfitting armour, cold-blooded, berserk 1
a: Renounce Religion


You were on level 4 of the Dungeon.
You worshipped Xom.
You were a special plaything of Xom.
You visited 1 branch of the dungeon, and saw 4 of its levels.

You collected 110 gold pieces.

Inventory:

Hand Weapons
 a - a +0 spear of chaos (weapon)
 c - a +0 long sword
 d - a +0 halberd
Armour
 h - a +0 pair of boots (worn)
Jewellery
 f - an amulet of reflection (around neck)
 g - an amulet of guardian spirit
 l - the ring of Xom's Recklessness (left hand) {rC+ Will+ Str+6 Int+3}
   (You found it on level 3 of the Dungeon)

   [ring of strength]

   Str+6:     It affects your strength (+6).
   Int+3:     It affects your intelligence (+3).
   rC+:       It protects you from cold.
   Will+:     It increases your willpower.
Scrolls
 b - a scroll of butterflies
 e - 2 scrolls of identify {unknown}
 k - a scroll of fear {unknown}
 m - a scroll of fog {unknown}
Potions
 i - 2 potions of might {unknown}
 j - a potion of curing {unknown}
 n - a potion of cancellation {unknown}
 o - 2 potions of degeneration {unknown}
 p - a potion of attraction {unknown}
 q - a potion of enlightenment {unknown}


   Skills:
 - Level 3.5 Fighting
 * Level 5.6 Polearms
 - Level 2.1 Dodging
 + Level 2.8 Air Magic


You had 3 spell levels left.
You knew the following spells:

 Your Spells              Type           Power      Damage    Failure   Level
a - Shock                 Conj/Air       16%        1d4       14%         1

Your spell library contained the following spells:

 Spells                   Type           Power      Damage    Failure   Level
 Swiftness                Air            9%         N/A       24%         3
 Frozen Ramparts          Ice            0%         1d1       58%         3
 Airstrike                Air            4%         2d(1-17)  61%         4
 Leda's Liquefaction      Alch/Erth      0%         N/A       94%         4
 Petrify                  Alch/Erth      0%         N/A       94%         4
 Metabolic Englaciation   Hex/Ice        0%         N/A       100%        5


Dungeon Overview and Level Annotations

Branches:
Dungeon (4/15)
 Temple: D:4-7

Altars:
Elyvilon
Makhleb
Sif Muna
Zin

Shops:
D:2 !


Innate Abilities, Weirdness & Mutations

Your plain brown scales are hard. (AC +5)
You cannot fit into any form of body armour.
You are cold-blooded and may be slowed by cold attacks.
You sometimes lose your temper in combat.


Message History

Your body is suffused with distortional energy.
You feel a little pissed off.
An ogre comes into view. It is wielding a +0 giant club.
The ogre shouts!
A kobold comes into view. It is wielding a +0 short sword.
There are monsters nearby!
The kobold shouts!
A dart slug comes into view.
You hit the kobold but do no damage.
The kobold falls asleep!
The kobold shouts!
You hear Xom's avuncular chuckle.
The kobold seems to grow stronger.
You block the kobold's attack.
You closely miss the kobold.
The kobold hits you with a +0 short sword.
You barely miss the kobold.
Your tail-slap misses the kobold.
The kobold hits you with a +0 short sword.
You closely miss the kobold.
Your tail-slap misses the kobold.
The kobold closely misses you.
You hit the kobold but do no damage. Lightning courses through the kobold!
You kill the kobold!
The dart slug launches a dart at you. The slug dart misses you.
Reach: a) +0 spear (chaos)
Press: ? - help, Dir - move target, f - ogre
Aim: an ogre, wielding a +0 giant club (about 23% to evade your +0 spear of chaos)
You reach to attack!
You barely miss the ogre.
You see here a green potion.
The ogre attacks as it pursues you!
The ogre hits you with a +0 giant club!!
Ouch! That really hurt!
* * * LOW HITPOINT WARNING * * *
The dart slug launches a dart at you. The slug dart misses you.
Xom titters.
You are confused.
The ogre attacks as it pursues you!
The ogre hits you with a +0 giant club!!
Ouch! That really hurt!
You die...
Xom chortles!

##..........
##......###
###)#####
#)###..).##
#.........##########
....####...........#
<## ##.............
#.)............
##....@....###..
#......O...#
#.......!.##
#.........#
#.........)#
###.......#..
##....w.##.#
###..... .# ###....
.


You could see an ogre and a dart slug.

Vanquished Creatures
  A bombardier beetle (D:3)
  A hound (D:3)
  An iguana (D:4)
  Jessica (D:3)
  3 gnolls (D:4)
  3 adders
  2 dart slugs
  5 orcs (D:3)
  4 ball pythons
  An endoplasm (D:3)
  2 giant cockroaches
  5 goblins
  3 hobgoblins (D:1)
  6 jackals (D:3)
  2 quokkas (D:1)
  7 bats
  3 frilled lizards
  5 kobolds
  5 rats
60 creatures vanquished.

Notes
Turn   | Place    | Note
-------+----------+-------------------------------------------
     0 | D:1      | case the Draconian Chaos Knight began the quest for the
                  | Orb.
     0 | D:1      | Reached XP level 1. HP: 19/19 MP: 1/1
    54 | D:1      | XOM: silly message
    79 | D:1      | Reached XP level 2. HP: 26/26 MP: 2/2
    81 | D:1      | Learned a level 1 spell: Shock
   506 | D:1      | XOM is BORED!
   506 | D:1      | XOM: noise
   668 | D:2      | Reached skill level 1 in Air Magic
   668 | D:2      | Reached XP level 3. HP: 29/31 MP: 3/3
   733 | D:2      | XOM: cloud trail
   782 | D:2      | Found Eluag's Distillery.
   790 | D:2      | Reached skill level 4 in Polearms
  1138 | D:3      | Found a white marble altar of Elyvilon.
  1151 | D:3      | Reached XP level 4. HP: 33/38 MP: 4/4
  1152 | D:3      | Identified the ring of Xom's Recklessness {rC+ Will+ Str+6
                  | Int+3}
  1194 | D:3      | Noticed Jessica
  1211 | D:3      | Killed Jessica
  1388 | D:3      | Found a burning altar of Makhleb.
  1451 | D:3      | Reached skill level 5 in Polearms
  1451 | D:3      | Reached XP level 5. HP: 45/45 MP: 5/5
  1460 | D:3      | Found a shimmering blue altar of Sif Muna.
  1715 | D:3      | XOM: noise
  1815 | D:3      | Found a glowing silver altar of Zin.
  2006 | D:4      | XOM is BORED!
  2006 | D:4      | XOM: silly message
  2028 | D:4      | XOM: give mutation
  2028 | D:4      | Gained mutation: You sometimes lose your temper in combat.
                  | [Xom's mischief]
  2042 | D:4      | Noticed an ogre
  2045 | D:4      | XOM: enchant monster (bad)
  2053 | D:4      | XOM: confusion
  2053 | D:4      | Mangled by an ogre

Illustrated notes

Levels and vault maps discovered:
D:1:      tarquinn_simple_flora_water_c, layout_rooms, serial_forest,
          infiniplex_forest_end_3, infiniplex_forest_straight_4,
          infiniplex_forest_lined_3, infiniplex_forest_clump_double,
          infiniplex_forest_lined_2, infiniplex_forest_end_3,
          infiniplex_forest_diagonal, infiniplex_forest_straight_1,
          minmay_misc_feat_pillars
D:2:      layout_rooms, serial_shops, nicolae_shop_waterfront
D:3:      layout_basic, mainiacjoe_overflow_brackets, zin_treasury,
          general_overflow_altar, lemuel_crystal_altar, uniq_jessica
D:4:      layout_cave_pods, minmay_temple_entry_gardened_gates, minmay_ruptured,
          uniq_blork_the_orc

Skill      XL: |  1  2  3  4 |
---------------+-------------+-----
Air Magic      | 1 2 |  2.8
Polearms       | 4 5 |  5.6
Fighting       | |  3.5
Dodging        | |  2.1

Action                     |  1- 3 |  4- 6 || total
---------------------------+-------+-------++-------
  Melee: Spear             |   113 |    69 ||   182
         Tailslap          |     8 |     2 ||    10
         Punch             |     1 |     2 ||     3
   Stab: Sleeping          |     2 |     1 ||     3
 Armour: Skin              |    32 |    18 ||    50
  Dodge: Dodged            |    39 |    17 ||    56
  Block: Other             |     8 |    12 ||    20
